 Dungeon Crawl Stone Soup version 0.29-a0-613-gf2c431b9b9 (webtiles) character file.

Game seed: 6650312639871685567

249 moldycheese5 the Skirmisher (level 5, -7/42 HPs)
             Began as a Demonspawn Abyssal Knight on June 16, 2022.
             Was a Priest of Lugonu.
             Killed by divine providence
             ... invoked by an orc priest
              (16 damage)
             ... on level 4 of the Dungeon.
             The game lasted 00:06:58 (2422 turns).

moldycheese5 the Skirmisher (DsAK)                  Turns: 2422, Time: 00:06:58

Health: -7/42      AC:  9    Str: 15    XL:     5   Next: 87%
Magic:  6/6        EV: 16    Int: 11    God:    Lugonu [***...]
Gold:   179        SH:  0    Dex: 14    Spells: 4/4 levels left

rFire   + + .      SeeInvis .     - Unarmed
rCold   x . .      Faith    .   (no shield)
rNeg    . . .      Spirit   .   a - +0 leather armour
rPois   +          Reflect  .   (no helmet)
rElec   .          Harm     .   (no cloak)
rCorr   .          Rampage  .   (no gloves)
Will    .....                   (no boots)
Stlth   +.........              b - amulet of regeneration
HPRegen 0.94/turn               q - ring of Ilemeih {rPois rF++ rC- EV+4}
MPRegen 0.10/turn               e - ring of flight

@: sanguine armoured, flying
A: foul stench 1, powered by death 1, sanguine armour 1, demonic touch 1
a: Renounce Religion, Depart the Abyss, Bend Space, Banish


You were on level 4 of the Dungeon.
You worshipped Lugonu.
Lugonu was most pleased with you.
You visited 1 branch of the dungeon, and saw 4 of its levels.
You visited the Abyss 1 time.

You collected 284 gold pieces.
You spent 105 gold pieces at shops.

Inventory:

Armour
 a - a +0 leather armour (worn)
Jewellery
 b - an amulet of regeneration (around neck)
 e - a ring of flight (right hand)
 g - an amulet of magic regeneration
 k - an amulet of the acrobat
 q - the ring of Ilemeih (left hand) {rPois rF++ rC- EV+4}
   (You bought it in a shop on level 2 of the Dungeon)

   [ring of evasion]

   EV:        It affects your evasion (+4).
   rF:        It greatly protects you from fire.
   rC:        It makes you vulnerable to cold.
   rPois:     It protects you from poison.
 w - a ring of magical power
Wands
 x - a wand of charming (5)
Scrolls
 c - 2 scrolls of teleportation
 h - 4 scrolls of identify {unknown}
 i - a scroll of brand weapon {unknown}
 j - a scroll of enchant weapon {unknown}
 p - 2 scrolls of silence {unknown}
 s - a scroll of enchant armour {unknown}
 u - a scroll of vulnerability {unknown}
 v - a scroll of poison {unknown}
Potions
 d - 3 potions of flight {unknown}
 f - 2 potions of invisibility {unknown}
 l - a potion of brilliance {unknown}
 m - a potion of berserk rage {unknown}
 n - a potion of ambrosia {unknown}
 o - 2 potions of heal wounds {unknown}
 r - a potion of curing {unknown}
 t - 2 potions of degeneration {unknown}


   Skills:
 + Level 4.0 Fighting
 + Level 3.0 Armour
 + Level 2.0 Dodging
 + Level 0.8 Stealth
 + Level 3.8 Unarmed Combat
 + Level 2.4 Invocations


You had 4 spell levels left.
You didn't know any spells.
Your spell library contained the following spells:

 Spells                   Type           Power      Damage    Failure   Level
 Airstrike                Air            0%         N/A       99%         4
 Summon Lightning Spire   Summ/Air       0%         N/A       99%         4
 Lightning Bolt           Conj/Air       0%         1d11      100%        5


Dungeon Overview and Level Annotations

Branches:
Dungeon (4/15)
 Temple: D:4-7

Altars:
Ashenzari
Cheibriados
Elyvilon
Hepliaklqana

Shops:
D:2 *

Annotations:
D:4 Blork the orc


Innate Abilities, Weirdness & Mutations

You may rarely emit foul miasma when damaged in melee.
You regenerate a little health from kills.
When seriously injured, your blood forms armour. (AC +6)
Your touch may inflict minor irresistible damage on your foes.


Message History

You kill the jackal!
Lugonu accepts your kill.
Blork the orc screams, "I'll break your arms!"
Blork the orc points at you and mumbles some strange words.
The magic dart hits you.
An orc comes into view. It is wielding a +0 dagger.
The orc shouts!
You hear a shout!
An orc comes into view. It is wielding a +0 trident.
An orc comes into view.
It is wielding a +1 short sword of speed.
You completely miss the orc wizard. Your touch misses the orc wizard.
Your punch misses the orc wizard. The orc wizard closely misses you.
An orc comes into view. It is wielding a +0 whip.
Blork the orc closely misses you.
You hit the orc wizard.
The orc wizard is moderately wounded.
Blork the orc closely misses you. The orc wizard completely misses you.
A jackal comes into view.
Blork the orc hits you from afar with a +0 glaive!
You hit the orc wizard but do no damage.
The orc wizard is moderately wounded.
The jackal misses you.
Blork the orc hits you from afar with a +0 glaive!
Your blood congeals into armour.
You are too injured to fight recklessly!
You are too injured to fight recklessly!
You are too injured to fight recklessly!
You are too injured to fight recklessly!
You are too injured to fight recklessly!
The jackal attacks as you move away! The jackal barely misses you.
Blork the orc frowns.
The orc wizard closely misses you.
You closely miss the orc wizard.
The orc wizard is moderately wounded.
Blork the orc hits you from afar with a +0 glaive!
* * * LOW HITPOINT WARNING * * *
The jackal barely misses you. The jackal completely misses you.
The orc wizard hits you but does no damage.
The orc priest calls down the wrath of Beogh upon you.
Beogh smites you!
You die...

#.# #.### ##.#.##### ..#
#.#.. .......... ###
#.#.# ##.....?.... #
#.#.# #<.. ....... #
#.#.###.###..o.... # ###
#.#.#.......o..... #
#...#...#...#..ooo....
####............hho#.....
..............).@o.# ####
####........)......#
#...............#
#################


You could see Blork the orc (fast), an orc priest, 2 orc wizards, 3 orcs and 2
jackals.

Vanquished Creatures
  2 orc priests
  Ijyb (D:3)
  An iguana (D:3)
  5 adders
  A worm (D:3)
  4 dart slugs
  13 orcs (D:3)
  10 endoplasms
  A giant cockroach (D:2)
  5 goblins
  4 hobgoblins
  A jackal (D:4)
  4 kobolds
  5 quokkas
  3 ball pythons
  2 bats
  2 frilled lizards (D:2)
  4 rats
68 creatures vanquished.

Vanquished Creatures (others)
  6 plants (D:2)
6 creatures vanquished.

Grand Total: 74 creatures vanquished

Notes
Turn   | Place    | Note
-------+----------+-------------------------------------------
     0 | Abyss:1  | moldycheese5 the Demonspawn Abyssal Knight began the quest
                  | for the Orb.
     0 | Abyss:1  | Reached XP level 1. HP: 18/18 MP: 2/2
     0 | D:1      | Escaped the Abyss
   246 | D:1      | Reached ** piety under Lugonu
   247 | D:1      | Gained mutation: You may rarely emit foul miasma when
                  | damaged in melee. [demonic ancestry]
   247 | D:1      | Reached XP level 2. HP: 24/24 MP: 3/3
   716 | D:2      | Found Muhantuz's Assorted Antiques.
   727 | D:2      | Identified the +5 hand crossbow of Nemelex Xobeh's Envy
                  | {elec, Will- Str+5}
   957 | D:2      | Gained mutation: Your touch may inflict minor irresistible
                  | damage on your foes. [demonic ancestry]
   957 | D:2      | Reached XP level 3. HP: 28/29 MP: 4/4
  1003 | D:2      | Found a faded altar of an unknown god.
  1302 | D:2      | Bought a steaming platinum ring for 105 gold pieces
  1302 | D:2      | Identified the ring of Ilemeih {rPois rF++ rC- EV+4} (You
                  | bought it in a shop on level 2 of the Dungeon)
  1355 | D:2      | Reached skill level 1 in Dodging
  1479 | D:3      | Gained mutation: You regenerate a little health from kills.
                  | [demonic ancestry]
  1479 | D:3      | Reached XP level 4. HP: 32/36 MP: 5/5
  1705 | D:3      | Reached *** piety under Lugonu
  1858 | D:3      | Noticed Ijyb
  1874 | D:3      | Killed Ijyb
  1875 | D:3      | Gained mutation: When seriously injured, your blood forms
                  | armour. (AC +6) [demonic ancestry]
  1875 | D:3      | Reached XP level 5. HP: 36/42 MP: 6/6
  2240 | D:4      | Found a broken altar of Ashenzari.
  2258 | D:4      | Found a hazy altar of Hepliaklqana.
  2269 | D:4      | Reached skill level 4 in Fighting
  2354 | D:4      | Found a snail-covered altar of Cheibriados.
  2413 | D:4      | Noticed Blork the orc
  2422 | D:4      | Killed from afar by an orc priest

Illustrated notes

Levels and vault maps discovered:
D:1:      dpeg_arrival_three_same_balls, layout_loops_ring
D:2:      layout_basic, chequers_ecumenical_altar_lobes, serial_shops,
          nicolae_shop_stone, kennysheep_cross_room
D:3:      layout_loops_ring, minmay_curled_crystal,
          minmay_misc_feat_four_crosses, uniq_ijyb
D:4:      layout_basic, mainiacjoe_overflow_big_doors,
          chequers_temple_overflow_statue_of_worship, nrook_campfire,
          uniq_grinder, uniq_blork_the_orc

Skill      XL: |  1  2  3  4  5 |
---------------+----------------+-----
Armour         | 2 3 |  3.0
Unarmed Combat | 2 3 |  3.8
Dodging        | 1 2 |  2.0
Fighting       | 4 |  4.0
Stealth        | |  0.8
Invocations    | |  2.4

Action                   |  1- 3 |  4- 6 || total
-------------------------+-------+-------++-------
Melee: Unarmed           |   149 |   101 ||   250
       Punch             |     2 |     4 ||     6
       Touch             |     5 |    25 ||    30
Invok: Depart the Abyss  |     1 |       ||     1
  Use: Scroll            |     1 |       ||     1
 Stab: Sleeping          |     2 |       ||     2
Armor: Leather armour    |    21 |     8 ||    29
Dodge: Dodged            |    79 |    74 ||   153

Table legend: (Time is in decaauts)
 A = Elapsed time spent in this place.
 B = Non-inter-level travel time spent in this place.
 C = Inter-level travel time spent in this place.
 D = Time resting spent in this place.
 E = Time spent auto-exploring this place.
 F = Levels seen in this place.
 G = Mean time per level.
                   A        B        C        D        E       F      G
               +--------+--------+--------+--------+--------+-----+--------+
         Total |   2417 |   2198 |    219 |      0 |   1691 |   5 |  483.4 |
       Dungeon |   2417 |   2198 |    219 |      0 |   1691 |   4 |  604.2 |
         Abyss |      0 |      0 |      0 |      0 |      0 |   1 |    0.0 |
               +--------+--------+--------+--------+--------+-----+--------+

Top non-repeatable levels by time:
     D:3: 740 daAuts
     D:2: 734 daAuts
     D:1: 691 daAuts
     D:4: 251 daAuts
